 Dungeon Crawl Stone Soup version 0.31.0-10-gcf4a605ca0 (webtiles) character file.

Game seed: 1578932015879407582

658 Pooter the Cudgeller (level 7, -13/43 HPs)
             Began as a Gargoyle Reaver on Jan 25, 2024.
             Was an Initiate of Makhleb.
             Mangled by an ogre
             ... wielding a +0 giant spiked club
              (30 damage)
             ... on level 5 of the Dungeon.
             The game lasted 00:30:53 (3977 turns).

Pooter the Cudgeller (Gargoyle Reaver)              Turns: 3977, Time: 00:30:54

Health: -13/43     AC: 11    Str: 16    XL:     7   Next: 55%
Magic:  12/12      EV: 11    Int: 15    God:    Makhleb [......]
Gold:   129        SH:  0    Dex: 14    Spells: 4/12 levels left

rFire   + . .        a - +2 halberd (venom)
rCold   . . .        (shield currently unavailable)
rNeg    + . .        b - +0 leather armour
rPois   ∞            A - +0 helmet of Pride {rF+ Will+ Stlth+}
rElec   +            (no cloak)
rCorr   .            E - +2 pair of gloves
SInv    .            (no boots)
Will    +....        (no amulet)
Stlth   ++           c - +6 ring of dexterity
HPRegen 0.27/turn    (no ring)
MPRegen 0.13/turn

%: no passive effects
@: no status effects
A: sickness immunity, AC +4, negative energy resistance 1, electricity
resistance, torment resistance 1, petrification resistance
a: Renounce Religion


You were on level 5 of the Dungeon.
You worshipped Makhleb.
Makhleb was noncommittal.
You visited 2 branches of the dungeon, and saw 6 of its levels.
You also visited: Sewer.

You collected 338 gold pieces.
You spent 209 gold pieces at shops.

Inventory:

Hand Weapons
 a - a +2 halberd of venom (weapon)
   (You took it off a gnoll on level 4 of the Dungeon)
 e - a +0 quarterstaff
   (You found it on level 1 of the Dungeon)
 n - a +2 vampiric short sword
   (You took it off a kobold on level 1 of the Dungeon)
 u - a +0 spear
   (You found it in a sewer)
 B - a +0 war axe
   (You took it off an orc priest on level 4 of the Dungeon)
 F - a +0 mace
Missiles
 x - 4 boomerangs (quivered)
 Q - 30 stones
Armour
 b - a +0 leather armour (worn)
 p - a +0 ring mail of positive energy
   (You took it off Terence on level 2 of the Dungeon)
 q - an orb of mayhem
   (You found it on level 3 of the Dungeon)
 A - the +0 helmet of Pride (worn) {rF+ Will+ Stlth+}
   (You bought it in a shop on level 3 of the Dungeon)

   rF+:       It protects you from fire.
   Will+:     It increases your willpower.
   Stlth+:    It makes you more stealthy.
 E - a +2 pair of gloves (worn)
   (You found it on level 5 of the Dungeon)
Magical Staves
 o - a staff of death
   (You found it on level 2 of the Dungeon)
Jewellery
 c - a +6 ring of dexterity (left hand)
   (You found it on level 1 of the Dungeon)
 r - a ring of ice
   (You found it on level 3 of the Dungeon)
Wands
 d - a wand of iceblast (3)
   (You found it on level 2 of the Dungeon)
 C - a wand of mindburst (15)
   (You found it on level 4 of the Dungeon)
Scrolls
 j - 2 scrolls of fog
 l - a scroll of amnesia
 t - 5 scrolls of teleportation {@r4}
 v - a scroll of silence
 w - 3 scrolls of enchant weapon {unknown}
 y - a scroll of noise {!r}
 D - a scroll of butterflies
 G - a scroll of revelation {unknown}
Potions
 f - 2 potions of curing {@q1}
 g - a potion of heal wounds {unknown}
 h - a potion of enlightenment {unknown}
 k - a potion of degeneration {unknown}
 m - a potion of mutation {unknown}
 s - a potion of might {unknown}
 z - a potion of ambrosia {unknown}


   Skills:
 + Level 4.1 Fighting
 - Level 2.1 Short Blades
 - Level 0.6(3.1) Axes
 - Level 5.1(5.2) Maces & Flails
 * Level 0.8(1.0) Polearms
 - Level 1.5 Dodging
 + Level 3.3 Spellcasting
 + Level 4.7 Conjurations
 + Level 0.7 Necromancy
 + Level 0.6 Translocations
 + Level 0.9 Ice Magic
 * Level 0.0 Invocations


You had 4 spell levels left.
You knew the following spells:

 Your Spells              Type           Power      Damage    Failure   Level
a - Kiss of Death         Conj/Necr      40%        2d8       8%          1
b - Momentum Strike       Conj/Tloc      20%        3d8       12%         2
c - Hailstorm             Conj/Ice       11%        3d6       22%         3
d - Blink                 Tloc           8%         N/A       28%         2

Your spell library contained the following spells:

 Spells                   Type           Power      Damage    Failure   Level
 Lesser Beckoning         Tloc           8%         N/A       28%         2


Dungeon Overview and Level Annotations

Branches:
Dungeon (5/15) Zot: 26189  Temple (1/1) D:5 Zot: 5933   Sewer (visited)

Altars:
Ashenzari
Cheibriados
Dithmenos
Elyvilon
Fedhas
Gozag
Hepliaklqana
Kikubaaqudgha
Makhleb
Nemelex Xobeh
Qazlal
Sif Muna
Trog
Vehumet
Xom
Zin
The Shining One

Shops:
D:3 [


Innate Abilities, Weirdness & Mutations

You are immune to sickness and miasma.
Your stone body is resilient. (AC +4)
You are immune to poison.
You resist negative energy. (rN+)
You are resistant to electric shocks. (rElec)
You are resistant to unholy torment.
You are immune to petrification.


Message History

The adder barely misses you.
You miss the adder.
The adder bites you but does no damage. x2
You closely miss the adder. The adder barely misses you.
The adder bites you but does no damage.
You hit the adder.
You kill the adder!
Your life force feels restored.
Found a scroll of identify.
i - a scroll of identify {@r1}
As you read the scroll of identify {@r1}, it crumbles to dust.
D - a scroll of butterflies You open the door.
Found a staircase to the Ecumenical Temple.
There is an open door here.
There is a staircase to the Ecumenical Temple here.
You climb downwards.
Welcome to the Ecumenical Temple!
Found a staircase back to the Dungeon.
There is a staircase back to the Dungeon here.
You open the door.
Found a snail-covered altar of Cheibriados.
You open the door.
Found a burning altar of Makhleb.
There is an open door here.
There is a burning altar of Makhleb here.
You kneel at the altar of Makhleb.
Makhleb welcomes you!
There is an open door here.
There is a staircase back to the Dungeon here.
You climb upwards.
Welcome back to the Dungeon!
There is a staircase to the Ecumenical Temple here.
You open the door.
There is an open door here.
Found 10 gold pieces.
You now have 129 gold pieces (gained 10).
An ogre comes into view. It is wielding a +0 giant spiked club.
You throw a boomerang.
The boomerang hits the ogre but does no damage.
You reach to attack!
You hit the ogre.
The ogre is poisoned.
The ogre barely misses you.
You puncture the ogre!
The ogre looks as sick as possible!
The ogre hits you with a +0 giant spiked club!!
Ouch! That really hurt!
* * * LOW HITPOINT WARNING * * *
You are too injured to fight recklessly!
Unknown command.
You barely miss the ogre. The ogre completely misses you.
You hit the ogre.
The ogre looks as sick as possible!
The ogre hits you with a +0 giant spiked club!!
Ouch! That really hurt!
You die...

###.### #.....#
#.....# #.....#
##.....#
###......####.#
...............
#O# #@# #.# #.#
#.# #.# #.# ##
#.# ... #.#
#...
##########.#


You could see an ogre (extremely poisoned).

Vanquished Creatures
  An ogre (D:3)
  A crocodile (Sewer)
  A scorpion (D:5)
  A bombardier beetle (D:3)
  A jelly (D:4)
  3 orc priests
  Terence (D:2)
  A hound (D:4)
  An orc wizard (D:4)
  3 gnolls (D:4)
  4 adders
  A river rat (D:3)
  2 shadow imps
  2 dart slugs
  6 ribbon worms
  8 orcs
  9 ball pythons
  10 endoplasms
  7 goblins
  6 hobgoblins
  4 jackals (Sewer)
  2 quokkas (D:1)
  7 bats
  4 frilled lizards
  8 kobolds
  3 rats
97 creatures vanquished.

Notes
Turn   | Place    | Note
-------+----------+-------------------------------------------
     0 | D:1      | Pooter the Gargoyle Reaver began the quest for the Orb.
     0 | D:1      | Reached XP level 1. HP: 12/12 MP: 3/3
    47 | D:1      | Reached XP level 2. HP: 7/17 MP: 3/5
   277 | D:1      | Learned a level 2 spell: Momentum Strike
   612 | D:1      | Reached XP level 3. HP: 15/18 MP: 6/6
  1231 | D:2      | Reached XP level 4. HP: 27/27 MP: 2/7
  1588 | D:2      | Noticed Terence
  1597 | D:2      | Killed Terence
  1598 | D:2      | Reached skill level 4 in Maces & Flails
  2040 | D:3      | Found a glowing drain.
  2045 | D:3      | Reached skill level 1 in Short Blades
  2052 | D:3      | Reached XP level 5. HP: 21/27 MP: 8/8
  2127 | Sewer    | Entered a sewer
  2204 | Sewer    | Noticed a crocodile
  2209 | Sewer    | Killed a crocodile
  2262 | Sewer    | Identified the +3 ring mail "Woiroame" {+Inv rElec rC+
                  | Dex-2}
  2378 | D:3      | Reached XP level 6. HP: 36/37 MP: 10/10
  2407 | D:3      | Found Atu Uruet's Antique Armour Emporium.
  2427 | D:3      | Bought a crude helmet for 209 gold pieces
  2427 | D:3      | Identified the +0 helmet of Pride {rF+ Will+ Stlth+} (You
                  | bought it in a shop on level 3 of the Dungeon)
  3108 | D:3      | Reached skill level 5 in Maces & Flails
  3179 | D:4      | Reached XP level 7. HP: 36/40 MP: 11/11
  3185 | D:4      | Learned a level 3 spell: Hailstorm
  3763 | D:5      | Entered Level 5 of the Dungeon
  3789 | D:5      | Learned a level 2 spell: Blink
  3864 | D:5      | Found a staircase to the Ecumenical Temple.
  3870 | Temple   | Entered the Ecumenical Temple
  3921 | Temple   | Became a worshipper of Makhleb the Destroyer
  3977 | D:5      | Mangled by an ogre

Illustrated notes

Levels and vault maps discovered:
D:1:      roderic_crop_circles_arrival_large, layout_basic, serial_bayou_pond_d,
          minmay_gold_behind_fungi, st_stairs_8
D:2:      layout_basic, uniq_terence
D:3:      layout_rooms, serial_shops, shop, cheibrodos_sewer_entry_sluice
D:4:      cheibrodos_pilgrimage, layout_loops_ring
D:5:      layout_loops_corners, lemuel_mausoleum_altar_yredelemnul,
          minmay_temple_entry_hall, uniq_sigmund
Temple:   bh_familiar_temple

Skill      XL: |  1  2  3  4  5  6  7 |
---------------+----------------------+-----
Maces & Flails | 4 5 |  5.1
Fighting       | 3 4 |  4.1
Short Blades   | 1 2 |  2.1
Conjurations   | 4 |  4.7
Spellcasting   | 3 |  3.3
Axes           | |  0.6
Polearms       | |  0.8
Dodging        | |  1.5
Necromancy     | |  0.7
Translocations | |  0.6
Ice Magic      | |  0.9

Action                     |  1- 3 |  4- 6 |  7- 9 || total
---------------------------+-------+-------+-------++-------
  Melee: Mace              |    32 |       |       ||    32
         Quarterstaff      |    46 |   129 |    12 ||   187
         Short sword       |     2 |       |       ||     2
         Halberd           |       |       |    41 ||    41
         War axe           |       |       |     7 ||     7
  Throw: Stone             |     1 |     7 |       ||     8
         Boomerang         |       |     4 |    10 ||    14
   Cast: Kiss of Death     |     3 |     4 |     1 ||     8
         Momentum Strike   |     6 |     5 |       ||    11
  Evoke: Wand              |       |     4 |       ||     4
    Use: Scroll            |       |     5 |     2 ||     7
   Stab: Sleeping          |       |     1 |     4 ||     5
 Armour: Leather armour    |    42 |    84 |    29 ||   155
  Dodge: Dodged            |    54 |    75 |    29 ||   158
